[Event "GambitGuide"]
[Site "Internet Chess Club"]
[Date "2014.10.30"]
[Round "1"]
[White "JSBach"]
[Black "sibirica"]
[Result "0-1"]
[ICCResult "White checkmated"]
[WhiteElo "1672"]
[BlackElo "2349"]
[Opening "Vienna: `Frankenstein-Dracula' variation"]
[ECO "C27"]
[NIC "VG.02"]
[Time "15:06:00"]
[TimeControl "120+12"]

1. e4 e5 2. Nc3 Nf6 3. Bc4 Nxe4 4. Qh5 Nd6 5. Bb3 Nc6 6. Nb5 g6 7. Qf3 f5 8.
Qd5 Qe7 9. Nxc7+ Kd8 10. Nxa8 b6 11. Ba4 Nd4 12. f4 exf4+ 13. Kd1 Bg7 14. g4
Re8 15. Qe6 Qxe6 16. d3 Qe1# {White checkmated} 0-1

[Event "GambitGuide"]
[Site "Internet Chess Club"]
[Date "2014.10.30"]
[Round "1"]
[White "JSBach"]
[Black "dimokles"]
[Result "0-1"]
[ICCResult "White checkmated"]
[WhiteElo "1676"]
[BlackElo "1594"]
[Opening "Vienna: `Frankenstein-Dracula' variation"]
[ECO "C27"]
[NIC "VG.02"]
[Time "15:03:18"]
[TimeControl "120+12"]

1. e4 e5 2. Nc3 Nf6 3. Bc4 Nxe4 4. Qh5 Nd6 5. Bb3 Nc6 6. Nb5 g6 7. Qf3 f5 8.
Qd5 Qe7 9. Nxc7+ Kd8 10. Nxa8 b6 11. Ba4 Bb7 12. Nxb6 axb6 13. Qb3 Kc7 14.
Ne2 Nd4 15. Nxd4 exd4+ 16. Kf1 Ba6+ 17. d3 Bg7 18. Bf4 Re8 19. Qb4 Qe2+ 20.
Kg1 Bf8 21. Bb3 g5 22. Bxg5 Ne4 23. Bf4+ Bd6 24. dxe4 Bxf4 25. exf5 Bd2 26.
Bc4 Bxc4 27. Qxd2 Qxd2 28. h3 Re1+ 29. Rxe1 Qxe1+ 30. Kh2 Qxf2 31. Rd1 Bd5
32. Rg1 Qxf5 33. Rd1 Qf2 34. Rg1 Qxc2 35. a4 Qxb2 36. Kh1 d3 37. h4 h5 38.
Kh2 Qe2 39. a5 bxa5 40. Rc1+ Kd6 41. Rg1 d2 42. Kg3 d1=Q 43. Rxd1 Qxd1 44.
Kh2 Qg4 45. g3 Qe2+ 46. Kh3 Qg2# {White checkmated} 0-1

[Event "GambitGuide"]
[Site "Internet Chess Club"]
[Date "2014.10.30"]
[Round "1"]
[White "JSBach"]
[Black "DOXDURAN"]
[Result "1-0"]
[ICCResult "Black checkmated"]
[WhiteElo "1676"]
[BlackElo "1629"]
[Opening "Vienna: `Frankenstein-Dracula' variation"]
[ECO "C27"]
[NIC "VG.02"]
[Time "15:05:28"]
[TimeControl "120+12"]

1. e4 e5 2. Nc3 Nf6 3. Bc4 Nxe4 4. Qh5 Nd6 5. Bb3 Nc6 6. Nb5 g6 7. Qf3 f5 8.
Qd5 Qe7 9. Nxc7+ Kd8 10. Nxa8 b6 11. Ba4 Bb7 12. Nxb6 axb6 13. Qb3 b5 14.
Nf3 bxa4 15. Qxa4 Nc8 16. Qb5 d6 17. O-O Bg7 18. Re1 Qd7 19. d4 e4 20. d5
Ne5 21. Qa5+ Qc7 22. Bg5+ Kd7 23. Qb5+ Bc6 24. dxc6+ Nxc6 25. Qd5 exf3 26.
Qe6# {Black checkmated} 1-0

[Event "GambitGuide"]
[Site "Internet Chess Club"]
[Date "2014.10.30"]
[Round "1"]
[White "JSBach"]
[Black "Ernie1"]
[Result "1-0"]
[ICCResult "Black resigns"]
[WhiteElo "1676"]
[BlackElo "1392"]
[Opening "Vienna: `Frankenstein-Dracula' variation"]
[ECO "C27"]
[NIC "VG.02"]
[Time "15:05:38"]
[TimeControl "120+12"]

1. e4 e5 2. Nc3 Nf6 3. Bc4 Nxe4 4. Qh5 Nd6 5. Bb3 Nc6 6. Nb5 g6 7. Qf3 f5 8.
Qd5 Qe7 9. Nxc7+ Kd8 10. Nxa8 b6 11. Ba4 Bb7 12. Nxb6 axb6 13. Qb3 Kc7 14.
Ne2 Qe6 15. Qxe6 dxe6 16. d3 Nd4 17. f3 Nxe2 18. Kxe2 Bc6 19. Bxc6 Kxc6 20.
Re1 Bg7 21. a4 Ra8 22. Rd1 b5 23. axb5+ {Black resigns} 1-0

[Event "GambitGuide"]
[Site "Internet Chess Club"]
[Date "2014.10.30"]
[Round "1"]
[White "JSBach"]
[Black "brax380"]
[Result "0-1"]
[ICCResult "White checkmated"]
[WhiteElo "1676"]
[BlackElo "1321"]
[Opening "Vienna: `Frankenstein-Dracula' variation"]
[ECO "C27"]
[NIC "VG.02"]
[Time "15:06:06"]
[TimeControl "120+12"]

1. e4 e5 2. Nc3 Nf6 3. Bc4 Nxe4 4. Qh5 Nd6 5. Bb3 Nc6 6. Nb5 g6 7. Qf3 f5 8.
Qd5 Qe7 9. Nxc7+ Kd8 10. Nxa8 b6 11. Ba4 Nd4 12. f4 exf4+ 13. Kd1 Bg7 14. g4
Bb7 15. Nxb6 Bxd5 16. Nxd5 Qh4 17. h3 Qf2 18. Ne3 Nc4 19. gxf5 Nxe3+ 20.
dxe3 Qf1+ 21. Kd2 Nf3+ 22. Nxf3 Qxh1 23. fxg6 Qxf3 24. Ke1 fxe3 25. Bb5 Qf2+
26. Kd1 hxg6 27. Bd3 Rxh3 28. Bxe3 Rh1+ 29. Bf1 Rxf1# {White checkmated} 0-1

[Event "GambitGuide"]
[Site "Internet Chess Club"]
[Date "2014.10.30"]
[Round "1"]
[White "JSBach"]
[Black "TallTower"]
[Result "1-0"]
[ICCResult "Black resigns"]
[WhiteElo "1676"]
[BlackElo "1641"]
[Opening "Vienna: `Frankenstein-Dracula' variation"]
[ECO "C27"]
[NIC "VG.02"]
[Time "15:07:19"]
[TimeControl "120+12"]

1. e4 e5 2. Nc3 Nf6 3. Bc4 Nxe4 4. Qh5 Nd6 5. Bb3 Nc6 6. Nb5 g6 7. Qf3 f5 8.
Qd5 Qe7 9. Nxc7+ Kd8 10. Nxa8 b6 11. Ba4 Bb7 12. Nxb6 axb6 13. Qb3 Kc7 14.
Ne2 Na5 15. Qg3 Bg7 16. d3 f4 17. Qg4 Bf6 18. d4 exd4 19. Bxf4 Re8 20. O-O
Qxe2 21. Qxd7+ Kb8 22. Qxe8+ {Black resigns} 1-0

[Event "GambitGuide"]
[Site "Internet Chess Club"]
[Date "2014.10.30"]
[Round "1"]
[White "JSBach"]
[Black "MikeSno"]
[Result "1-0"]
[ICCResult "Black resigns"]
[WhiteElo "1676"]
[BlackElo "1288"]
[Opening "Vienna: `Frankenstein-Dracula' variation"]
[ECO "C27"]
[NIC "VG.02"]
[Time "15:06:38"]
[TimeControl "120+12"]

1. e4 e5 2. Nc3 Nf6 3. Bc4 Nxe4 4. Qh5 Nd6 5. Bb3 Nc6 6. Nb5 g6 7. Qf3 f5 8.
Qd5 Qe7 9. Nxc7+ Kd8 10. Nxa8 b6 11. Ba4 Bb7 12. Nxb6 axb6 13. Qb3 Kc7 14.
Ne2 Nd4 15. Nxd4 exd4+ 16. Kf1 Qg5 17. f3 Ba6+ 18. d3 Qf6 19. Bf4 Be7 20.
Re1 Rb8 21. Be5 Qg5 22. Qd5 Bb7 23. Qc4+ Kd8 24. Qxd4 {Black resigns} 1-0

[Event "GambitGuide"]
[Site "Internet Chess Club"]
[Date "2014.10.30"]
[Round "1"]
[White "JSBach"]
[Black "dimokles"]
[Result "0-1"]
[ICCResult "White checkmated"]
[WhiteElo "1676"]
[BlackElo "1594"]
[Opening "Vienna: `Frankenstein-Dracula' variation"]
[ECO "C27"]
[NIC "VG.02"]
[Time "15:07:39"]
[TimeControl "120+12"]

1. e4 e5 2. Nc3 Nf6 3. Bc4 Nxe4 4. Qh5 Nd6 5. Bb3 Nc6 6. Nb5 g6 7. Qf3 f5 8.
Qd5 Qe7 9. Nxc7+ Kd8 10. Nxa8 b6 11. Ba4 Bb7 12. Nxb6 axb6 13. Qb3 Kc7 14.
Ne2 Nd4 15. Nxd4 exd4+ 16. Kf1 Bg7 17. Rg1 Re8 18. Qe3 dxe3 19. dxe3 Ba6+
20. Ke1 f4 21. g3 fxe3 22. fxe3 Nc4 23. c3 Nxe3 24. Bd2 Nc4+ 25. Kd1 Qe2+
26. Kc2 Qxd2+ 27. Kb3 Qxb2# {White checkmated} 0-1

[Event "GambitGuide"]
[Site "Internet Chess Club"]
[Date "2014.10.30"]
[Round "1"]
[White "JSBach"]
[Black "Ernie1"]
[Result "1-0"]
[ICCResult "Black resigns"]
[WhiteElo "1676"]
[BlackElo "1392"]
[Opening "Vienna: `Frankenstein-Dracula' variation"]
[ECO "C27"]
[NIC "VG.02"]
[Time "15:07:36"]
[TimeControl "120+12"]

1. e4 e5 2. Nc3 Nf6 3. Bc4 Nxe4 4. Qh5 Nd6 5. Bb3 Nc6 6. Nb5 g6 7. Qf3 f5 8.
Qd5 Qe7 9. Nxc7+ Kd8 10. Nxa8 b6 11. Ba4 Bb7 12. Nxb6 axb6 13. Qb3 Kc7 14.
Ne2 Qg5 15. O-O Nd4 16. Qc3+ Kb8 17. Qh3 Nxe2+ 18. Kh1 Nf4 19. Qg3 Bxg2+ 20.
Kg1 Ne2+ 21. Kxg2 Nxg3 22. fxg3 h5 23. Bxd7 h4 24. d4 hxg3 25. Bxg5
{Black resigns}
1-0

[Event "GambitGuide"]
[Site "Internet Chess Club"]
[Date "2014.10.30"]
[Round "1"]
[White "JSBach"]
[Black "Lyon"]
[Result "1-0"]
[ICCResult "Black resigns"]
[WhiteElo "1676"]
[BlackElo "1400"]
[Opening "Vienna: `Frankenstein-Dracula' variation"]
[ECO "C27"]
[NIC "VG.02"]
[Time "15:06:34"]
[TimeControl "120+12"]

1. e4 e5 2. Nc3 Nf6 3. Bc4 Nxe4 4. Qh5 Nd6 5. Bb3 Nc6 6. Nb5 g6 7. Qf3 f5 8.
Qd5 Qe7 9. Nxc7+ Kd8 10. Nxa8 b6 11. Ba4 Bb7 12. Nxb6 axb6 13. Qb3 Kc7 14.
Ne2 Na5 15. Qh3 Nac4 16. d3 Na5 17. Bd2 Nc6 18. Bb3 Bg7 19. Bc3 Nb5 20. Bd2
Nd6 21. Nc3 Nd4 22. Rc1 Rc8 23. Nd5+ Bxd5 24. Bxd5 Kd8 25. Qxh7 Qf6 26. c3
Nc6 27. O-O Ra8 28. Rfe1 Ra7 29. f4 Qe7 30. Qxg6 Qf6 31. Qxf6+ Bxf6 32. Bxc6
dxc6 33. fxe5 Bxe5 34. Rxe5 Rg7 35. Rce1 Kd7 36. h4 b5 37. h5 {Black
resigns} 1-0

[Event "GambitGuide"]
[Site "Internet Chess Club"]
[Date "2014.10.30"]
[Round "1"]
[White "JSBach"]
[Black "TallTower"]
[Result "1-0"]
[ICCResult "Black resigns"]
[WhiteElo "1676"]
[BlackElo "1641"]
[Opening "Vienna: `Frankenstein-Dracula' variation"]
[ECO "C27"]
[NIC "VG.02"]
[Time "15:09:03"]
[TimeControl "120+12"]

1. e4 e5 2. Nc3 Nf6 3. Bc4 Nxe4 4. Qh5 Nd6 5. Bb3 Nc6 6. Nb5 g6 7. Qf3 f5 8.
Qd5 Qe7 9. Nxc7+ Kd8 10. Nxa8 b6 11. Ba4 Bb7 12. Nxb6 axb6 13. Qb3 b5 14.
Ne2 bxa4 15. Qxa4 Nd4 16. Nxd4 exd4+ 17. Kf1 Bg7 18. b4 Qe4 19. f3 Qc6 20.
Qb3 Qd5 21. Qxd5 Bxd5 22. Kf2 Kc7 23. a4 Kb7 24. b5 Rc8 25. Ba3 Nc4 26. Bb4
Be6 27. a5 d3 28. Rac1 Ne5 29. c3 d5 30. Rhe1 Bd7 31. Bd6 Re8 32. Rb1 Nc4
33. Rxe8 Bxe8 34. Bf4 Nxa5 35. Re1 Bxb5 36. Re7+ Kc6 37. Rxg7 Nc4 38. h3 h5
39. Rxg6+ Kc5 40. Rg5 d4 41. Rxf5+ Kc6 42. cxd4 Nb2 43. d5+ Kc5 44. Rxh5
{Black resigns}
1-0

[Event "GambitGuide"]
[Site "Internet Chess Club"]
[Date "2014.10.30"]
[Round "1"]
[White "JSBach"]
[Black "dimokles"]
[Result "1-0"]
[ICCResult "Black resigns"]
[WhiteElo "1676"]
[BlackElo "1594"]
[Opening "Vienna: `Frankenstein-Dracula' variation"]
[ECO "C27"]
[NIC "VG.02"]
[Time "15:10:31"]
[TimeControl "120+12"]

1. e4 e5 2. Nc3 Nf6 3. Bc4 Nxe4 4. Qh5 Nd6 5. Bb3 Nc6 6. Nb5 g6 7. Qf3 f5 8.
Qd5 Qe7 9. Nxc7+ Kd8 10. Nxa8 b6 11. Ba4 Nd4 12. f4 Bb7 13. Qxe5 Qxe5+ 14.
fxe5 Nf7 15. e6 dxe6 16. Nxb6 axb6 17. Kf2 b5 18. c3 bxa4 19. cxd4 Bg7 20.
Ne2 Ba6 21. d5 exd5 22. Nc3 {Black resigns} 1-0

[Event "GambitGuide"]
[Site "Internet Chess Club"]
[Date "2014.10.30"]
[Round "1"]
[White "JSBach"]
[Black "dimokles"]
[Result "0-1"]
[ICCResult "White checkmated"]
[WhiteElo "1671"]
[BlackElo "1594"]
[Opening "Vienna: `Frankenstein-Dracula' variation"]
[ECO "C27"]
[NIC "VG.02"]
[Time "15:12:12"]
[TimeControl "120+12"]

1. e4 e5 2. Nc3 Nf6 3. Bc4 Nxe4 4. Qh5 Nd6 5. Bb3 Nc6 6. Nb5 g6 7. Qf3 f5 8.
Qd5 Qe7 9. Nxc7+ Kd8 10. Nxa8 b6 11. Ba4 Nd4 12. f4 exf4+ 13. Kd1 Bg7 14. g4
Bb7 15. Nxb6 axb6 16. Qxb7 Nxb7 17. gxf5 Re8 18. fxg6 Qe1# {White
checkmated} 0-1

[Event "GambitGuide"]
[Site "Internet Chess Club"]
[Date "2014.10.30"]
[Round "1"]
[White "JSBach"]
[Black "Ernie1"]
[Result "1-0"]
[ICCResult "Black resigns"]
[WhiteElo "1671"]
[BlackElo "1392"]
[Opening "Vienna: `Frankenstein-Dracula' variation"]
[ECO "C27"]
[NIC "VG.02"]
[Time "15:10:02"]
[TimeControl "120+12"]

1. e4 e5 2. Nc3 Nf6 3. Bc4 Nxe4 4. Qh5 Nd6 5. Bb3 Nc6 6. Nb5 g6 7. Qf3 f5 8.
Qd5 Qe7 9. Nxc7+ Kd8 10. Nxa8 b6 11. Ba4 Bb7 12. Nxb6 axb6 13. Qb3 Kc7 14.
Ne2 Na5 15. Qh3 Ne4 16. c3 Qc5 17. d4 exd4 18. Nxd4 Qe5 19. O-O Bd6 20. Re1
Bc5 21. Qd3 Kb8 22. b4 Bxd4 23. cxd4 Qd5 24. bxa5 Nxf2 25. Qg3+ Ka8 26. Qxf2
f4 27. axb6 f3 28. gxf3 Rf8 29. Bh6 Rxf3 30. Re8+ {Black resigns} 1-0

[Event "GambitGuide"]
[Site "Internet Chess Club"]
[Date "2014.10.30"]
[Round "1"]
[White "JSBach"]
[Black "TallTower"]
[Result "1-0"]
[ICCResult "Black checkmated"]
[WhiteElo "1671"]
[BlackElo "1641"]
[Opening "Vienna: `Frankenstein-Dracula' variation"]
[ECO "C27"]
[NIC "VG.02"]
[Time "15:11:31"]
[TimeControl "120+12"]

1. e4 e5 2. Nc3 Nf6 3. Bc4 Nxe4 4. Qh5 Nd6 5. Bb3 Nc6 6. Nb5 g6 7. Qf3 f5 8.
Qd5 Qe7 9. Nxc7+ Kd8 10. Nxa8 b6 11. Ba4 Bb7 12. Nxb6 axb6 13. Qb3 Kc7 14.
Ne2 Bg7 15. Nc3 Nd4 16. Nd5+ Bxd5 17. Qxd5 Qg5 18. c3 Nc6 19. d4 Qe7 20.
dxe5 Bxe5 21. Kf1 Re8 22. f4 Bf6 23. Bd2 Qe2+ 24. Kg1 Re4 25. Bc2 Re6 26.
Rd1 Na5 27. Qa8 Nac4 28. Qd5 Ne4 29. Be1 Ne3 30. Qxd7+ Kb8 31. Qd8+ Ka7 32.
Rd7+ Ka6 33. Qa8+ Kb5 34. Qa4+ Kc5 35. b4+ Kc4 36. Bb3# {Black checkmated}
1-0

[Event "GambitGuide"]
[Site "Internet Chess Club"]
[Date "2014.10.30"]
[Round "1"]
[White "JSBach"]
[Black "Grann"]
[Result "1-0"]
[ICCResult "Black resigns"]
[WhiteElo "1671"]
[BlackElo "1547"]
[Opening "Vienna: `Frankenstein-Dracula' variation"]
[ECO "C27"]
[NIC "VG.02"]
[Time "15:12:23"]
[TimeControl "120+12"]

1. e4 e5 2. Nc3 Nf6 3. Bc4 Nxe4 4. Qh5 Nd6 5. Bb3 Nc6 6. Nb5 g6 7. Qf3 f5 8.
Qd5 Qe7 9. Nxc7+ Kd8 10. Nxa8 b6 11. Ba4 Bb7 12. Nxb6 axb6 13. Qb3 b5 14.
Nf3 bxa4 15. Qxa4 Nf7 16. Qb5 d5 17. Qxd5+ Qd6 18. Qxf7 {Black resigns} 1-0

[Event "GambitGuide"]
[Site "Internet Chess Club"]
[Date "2014.10.30"]
[Round "1"]
[White "JSBach"]
[Black "Ernie1"]
[Result "1-0"]
[ICCResult "Black resigns"]
[WhiteElo "1666"]
[BlackElo "1392"]
[Opening "Vienna: `Frankenstein-Dracula' variation"]
[ECO "C27"]
[NIC "VG.02"]
[Time "15:13:52"]
[TimeControl "120+12"]

1. e4 e5 2. Nc3 Nf6 3. Bc4 Nxe4 4. Qh5 Nd6 5. Bb3 Nc6 6. Nb5 g6 7. Qf3 f5 8.
Qd5 Qe7 9. Nxc7+ Kd8 10. Nxa8 b6 11. Ba4 Bb7 12. Nxb6 axb6 13. Qb3 Kc7 14.
Ne2 Nd4 15. Nxd4 exd4+ 16. Kf1 Ba6+ 17. d3 Ne4 18. Bf4+ Kb7 19. Qd5+ Ka7 20.
Re1 Bb7 21. Qxd4 Bg7 22. Qxd7 Qxd7 23. Bxd7 Nc5 24. Re7 Nxd7 25. Rxg7
{Black resigns}
1-0

[Event "GambitGuide"]
[Site "Internet Chess Club"]
[Date "2014.10.30"]
[Round "1"]
[White "JSBach"]
[Black "DOXDURAN"]
[Result "1-0"]
[ICCResult "Black resigns"]
[WhiteElo "1666"]
[BlackElo "1629"]
[Opening "Vienna: `Frankenstein-Dracula' variation"]
[ECO "C27"]
[NIC "VG.02"]
[Time "15:07:29"]
[TimeControl "120+12"]

1. e4 e5 2. Nc3 Nf6 3. Bc4 Nxe4 4. Qh5 Nd6 5. Bb3 Nc6 6. Nb5 g6 7. Qf3 f5 8.
Qd5 Qe7 9. Nxc7+ Kd8 10. Nxa8 b6 11. Ba4 Bb7 12. Nxb6 axb6 13. Qb3 b5 14.
Nf3 bxa4 15. Qxa4 Nc8 16. Qb5 d6 17. O-O Bg7 18. Re1 Qd7 19. d4 e4 20. d5
N6e7 21. Qxd7+ Kxd7 22. Ng5 Bxd5 23. f3 exf3 24. gxf3 h6 25. Nh3 Re8 26. Re3
Bd4 27. Kg2 Bxe3 28. Bxe3 g5 29. a4 Nc6 30. Kf2 f4 31. Nxf4 gxf4 32. Bxf4
Ne5 33. Ra3 Nc4 34. Rd3 Bc6 35. b3 Ne5 36. Re3 Ng6 37. Rxe8 Kxe8 38. Bxh6
Kd7 39. h3 Ke6 40. a5 d5 41. Be3 Kf5 42. a6 Ke5 43. b4 Bb5 44. a7 Nxa7 45.
Bxa7 Nf4 46. Bb8+ Kf5 47. h4 Bc6 48. Bxf4 Kxf4 49. c3 Bb5 50. Kg1 Kxf3 51.
h5 Kg4 52. h6 Bd3 53. Kf2 Kg5 54. Ke3 Bf5 55. Kd4 Kxh6 56. Kxd5 {Black
resigns} 1-0

[Event "GambitGuide"]
[Site "Internet Chess Club"]
[Date "2014.10.30"]
[Round "1"]
[White "JSBach"]
[Black "Ernie1"]
[Result "1-0"]
[ICCResult "Black resigns"]
[WhiteElo "1666"]
[BlackElo "1392"]
[Opening "Vienna: `Frankenstein-Dracula' variation"]
[ECO "C27"]
[NIC "VG.02"]
[Time "15:15:23"]
[TimeControl "120+12"]

1. e4 e5 2. Nc3 Nf6 3. Bc4 Nxe4 4. Qh5 Nd6 5. Bb3 Nc6 6. Nb5 g6 7. Qf3 f5 8.
Qd5 Qe7 9. Nxc7+ Kd8 10. Nxa8 b6 11. Ba4 Bb7 12. Nxb6 axb6 13. Qb3 Nd4 14.
Qxb6+ Kc8 15. Kf1 Qg5 16. f3 e4 17. Qxd4 exf3 18. Qc5+ Kb8 19. Nxf3 Bxf3 20.
gxf3 Ne4 21. Qe5+ Bd6 22. Qxh8+ Kc7 23. fxe4 Qf4+ 24. Kg1 Bc5+ 25. d4 Bxd4+
26. Qxd4 Qg4+ 27. Kf2 {Black resigns} 1-0

[Event "GambitGuide"]
[Site "Internet Chess Club"]
[Date "2014.10.30"]
[Round "1"]
[White "JSBach"]
[Black "CombatWombat"]
[Result "1-0"]
[ICCResult "Black checkmated"]
[WhiteElo "1666"]
[BlackElo "1519"]
[Opening "Vienna: `Frankenstein-Dracula' variation"]
[ECO "C27"]
[NIC "VG.02"]
[Time "15:15:02"]
[TimeControl "120+12"]

1. e4 e5 2. Nc3 Nf6 3. Bc4 Nxe4 4. Qh5 Nd6 5. Bb3 Nc6 6. Nb5 g6 7. Qf3 f5 8.
Qd5 Qe7 9. Nxc7+ Kd8 10. Nxa8 b6 11. Ba4 Bb7 12. Nxb6 axb6 13. Qb3 b5 14.
Ne2 Kc7 15. Bxb5 Nxb5 16. Qxb5 Qe6 17. f3 Bd6 18. O-O Rb8 19. Re1 Qf6 20. d3
Kd8 21. f4 exf4 22. Nxf4 Qd4+ 23. Be3 Qb4 24. Bb6+ Kc8 25. Re8+ Nd8 26.
Rxd8# {Black checkmated} 1-0

[Event "GambitGuide"]
[Site "Internet Chess Club"]
[Date "2014.10.30"]
[Round "1"]
[White "JSBach"]
[Black "MikeSno"]
[Result "1-0"]
[ICCResult "Black resigns"]
[WhiteElo "1666"]
[BlackElo "1288"]
[Opening "Vienna: `Frankenstein-Dracula' variation"]
[ECO "C27"]
[NIC "VG.02"]
[Time "15:14:22"]
[TimeControl "120+12"]

1. e4 e5 2. Nc3 Nf6 3. Bc4 Nxe4 4. Qh5 Nd6 5. Bb3 Nc6 6. Nb5 g6 7. Qf3 f5 8.
Qd5 Qe7 9. Nxc7+ Kd8 10. Nxa8 b6 11. Ba4 Bb7 12. Nxb6 axb6 13. Qb3 Bg7 14.
Qxb6+ Kc8 15. Nf3 e4 16. Ng1 Re8 17. Ne2 Nc4 18. Qb5 N6e5 19. Bb3 Nd6 20.
Qc5+ Kb8 21. Nf4 Bf8 22. Nd5 Qd8 23. Rb1 Nc6 24. a3 g5 25. c4 f4 26. a4 e3
27. fxe3 fxe3 28. Nxe3 Ba6 29. O-O Nxc4 30. Rxf8 Nxe3 31. Rxe8 Qxe8 32. Qb6+
Bb7 33. dxe3 Na5 34. Qxa5 {Black resigns} 1-0

[Event "GambitGuide"]
[Site "Internet Chess Club"]
[Date "2014.10.30"]
[Round "1"]
[White "JSBach"]
[Black "Ernie1"]
[Result "1-0"]
[ICCResult "Black resigns"]
[WhiteElo "1666"]
[BlackElo "1392"]
[Opening "Vienna: `Frankenstein-Dracula' variation"]
[ECO "C27"]
[NIC "VG.02"]
[Time "15:17:27"]
[TimeControl "120+12"]

1. e4 e5 2. Nc3 Nf6 3. Bc4 Nxe4 4. Qh5 Nd6 5. Bb3 Nc6 6. Nb5 g6 7. Qf3 f5 8.
Qd5 Qe7 9. Nxc7+ Kd8 10. Nxa8 b6 11. Ba4 Bb7 12. Nxb6 axb6 13. Qb3 Kc7 14.
Ne2 Na5 15. Qh3 Ne4 16. c3 Qc5 17. d4 Qc4 18. b3 Qe6 19. dxe5 Qxe5 20. Bf4
{Black resigns}
1-0

[Event "GambitGuide"]
[Site "Internet Chess Club"]
[Date "2014.10.30"]
[Round "1"]
[White "JSBach"]
[Black "TallTower"]
[Result "0-1"]
[ICCResult "White checkmated"]
[WhiteElo "1666"]
[BlackElo "1641"]
[Opening "Vienna: `Frankenstein-Dracula' variation"]
[ECO "C27"]
[NIC "VG.02"]
[Time "15:14:23"]
[TimeControl "120+12"]

1. e4 e5 2. Nc3 Nf6 3. Bc4 Nxe4 4. Qh5 Nd6 5. Bb3 Nc6 6. Nb5 g6 7. Qf3 f5 8.
Qd5 Qe7 9. Nxc7+ Kd8 10. Nxa8 b6 11. Ba4 Bb7 12. Nxb6 axb6 13. Qb3 b5 14.
Nf3 bxa4 15. Qxa4 Nd4 16. Nxd4 exd4+ 17. Kf1 Bg7 18. a3 Re8 19. Qa5+ Kc8 20.
Qc5+ Kb8 21. Qxd6+ Qxd6 22. f3 Qe5 23. Kf2 Qe2+ 24. Kg3 f4+ 25. Kh3 Qe5 26.
g4 Bxf3 27. Rf1 Qe2 28. Rg1 Qf2 29. d3 Qxg1 30. Bxf4+ Kb7 31. Rxg1 Bd5 32.
Bd6 Re3+ 33. Kh4 h6 34. Rf1 Re6 35. Bg3 Bg2 36. Rf7 Bf6+ 37. g5 Bxg5+ 38.
Kg4 Bc6 39. Bf4 Bxf4 40. Rxf4 Re2 41. Rxd4 Rxc2 42. Rb4+ Kc7 43. h3 Rd2 44.
d4 Re2 45. b3 Rg2+ 46. Kh4 d6 47. a4 Ra2 48. Rc4 Kb7 49. Kg4 Re2 50. Rb4+
Kc7 51. h4 Rg2+ 52. Kh3 g5 53. hxg5 hxg5 54. Rc4 Rd2 55. Kg4 Kb7 56. Kxg5
Rb2 57. Rb4+ Kc7 58. a5 Ra2 59. a6 Rxa6 60. Rc4 Kb7 61. b4 Kb6 62. Rc3 Ra4
63. d5 Bxd5 64. Rd3 Kc6 65. b5+ Kc5 66. Rc3+ Bc4 67. Kf5 d5 68. Ke5 Rb4 69.
Rf3 Rxb5 70. Rf7 Kb4 71. Kd4 Kb3 72. Re7 Rb8 73. Re3+ Kc2 74. Re6 Kd2 75.
Re5 Rb3 76. Rg5 Rd3+ 77. Kc5 Kc3 78. Rg4 d4 79. Rf4 Rd2 80. Re4 Bb3 81. Kc6
d3 82. Re3 Rc2 83. Kd6 Kc4 84. Ke5 d2 85. Re4+ Kc3 86. Re3+ Kb2 87. Rd3 Kc1
88. Ke4 d1=Q 89. Rxd1+ Kxd1 90. Kf4 Rc3 91. Ke5 Kd2 92. Kd6 Kd3 93. Ke7 Rc6
94. Ke8 Rc7 95. Kd8 Rh7 96. Ke8 Ke4 97. Kd8 Ke5 98. Kc8 Kd6 99. Kb8 Kc6 100.
Ka8 Kb6 101. Kb8 Rh8# {White checkmated} 0-1

[Event "GambitGuide"]
[Site "Internet Chess Club"]
[Date "2014.10.30"]
[Round "1"]
[White "JSBach"]
[Black "CadiZKilleR"]
[Result "1-0"]
[ICCResult "Black checkmated"]
[WhiteElo "1666"]
[BlackElo "1582"]
[Opening "Vienna: `Frankenstein-Dracula' variation"]
[ECO "C27"]
[NIC "VG.02"]
[Time "15:16:31"]
[TimeControl "120+12"]

1. e4 e5 2. Nc3 Nf6 3. Bc4 Nxe4 4. Qh5 Nd6 5. Bb3 Nc6 6. Nb5 g6 7. Qf3 f5 8.
Qd5 Qe7 9. Nxc7+ Kd8 10. Nxa8 b6 11. Ba4 Bb7 12. Nxb6 axb6 13. Qb3 Kc7 14.
Ne2 h5 15. Nc3 Nd4 16. Nd5+ Bxd5 17. Qxd5 Qh4 18. Qxe5 Rg8 19. Qe3 Bg7 20.
Kf1 Re8 21. Qc3+ Kd8 22. Qa3 Qg4 23. f3 Qf4 24. d3 Qe5 25. Bg5+ Kc8 26. c3
Qe2+ 27. Kg1 Nc2 28. Qxd6 b5 29. Qc5+ Kb8 30. Qxb5+ Ka8 31. Qa6+ Kb8 32.
Bf4+ Be5 33. Bxe5+ Rxe5 34. Qd6+ Kc8 35. Qxd7+ Kb8 36. Qd6+ Ka8 37. Bc6+ Ka7
38. Qc7+ Ka6 39. Qb7+ Ka5 40. Qa7# {Black checkmated} 1-0

[Event "GambitGuide"]
[Site "Internet Chess Club"]
[Date "2014.10.30"]
[Round "1"]
[White "JSBach"]
[Black "MikeSno"]
[Result "1-0"]
[ICCResult "Black resigns"]
[WhiteElo "1666"]
[BlackElo "1288"]
[Opening "Vienna: `Frankenstein-Dracula' variation"]
[ECO "C27"]
[NIC "VG.02"]
[Time "15:19:06"]
[TimeControl "120+12"]

1. e4 e5 2. Nc3 Nf6 3. Bc4 Nxe4 4. Qh5 Nd6 5. Bb3 Nc6 6. Nb5 g6 7. Qf3 f5 8.
Qd5 Qe7 9. Nxc7+ Kd8 10. Nxa8 b6 11. Ba4 Ba6 12. Bxc6 dxc6 13. Qb3 Qb7 14.
Qe6 Be7 15. Nxb6 axb6 16. Qxe5 c5 17. Qxh8+ {Black resigns} 1-0

[Event "GambitGuide"]
[Site "Internet Chess Club"]
[Date "2014.10.30"]
[Round "1"]
[White "JSBach"]
[Black "CombatWombat"]
[Result "1-0"]
[ICCResult "Black resigns"]
[WhiteElo "1666"]
[BlackElo "1519"]
[Opening "Vienna: `Frankenstein-Dracula' variation"]
[ECO "C27"]
[NIC "VG.02"]
[Time "15:17:58"]
[TimeControl "120+12"]

1. e4 e5 2. Nc3 Nf6 3. Bc4 Nxe4 4. Qh5 Nd6 5. Bb3 Nc6 6. Nb5 g6 7. Qf3 f5 8.
Qd5 Qe7 9. Nxc7+ Kd8 10. Nxa8 b6 11. Ba4 Bb7 12. Nxb6 axb6 13. Qb3 Kc7 14.
Ne2 Qg5 15. Qg3 Qh5 16. Bxc6 Bxc6 17. Qxe5 Bh6 18. Qxh8 Bxg2 19. Rg1 Bf3 20.
Nd4 Qxh2 21. Nxf3 Qh5 22. Qa8 Ne4 23. Qa7+ Kd8 24. Ne5 Nc5 25. Qxb6+ Ke8 26.
Qxc5 Qh2 27. Qc8+ Ke7 28. Qxd7+ Kf6 29. Qf7+ Kxe5 30. Qc7+ Kf6 31. Qxh2
{Black resigns}
1-0

[Event "GambitGuide"]
[Site "Internet Chess Club"]
[Date "2014.10.30"]
[Round "1"]
[White "JSBach"]
[Black "CombatWombat"]
[Result "1-0"]
[ICCResult "Black resigns"]
[WhiteElo "1666"]
[BlackElo "1519"]
[Opening "Vienna: `Frankenstein-Dracula' variation"]
[ECO "C27"]
[NIC "VG.02"]
[Time "15:20:36"]
[TimeControl "120+12"]

1. e4 e5 2. Nc3 Nf6 3. Bc4 Nxe4 4. Qh5 Nd6 5. Bb3 Nc6 6. Nb5 g6 7. Qf3 f5 8.
Qd5 Qe7 9. Nxc7+ Kd8 10. Nxa8 b6 11. Ba4 Nb4 12. Qb3 Ne4 13. d3 Qg5 14.
Bxg5+ Nxg5 15. Qc3 Bb7 16. Qc7+ Ke7 17. Qxd7+ Kf6 18. Qxb7 Bc5 19. a3 Nxc2+
20. Bxc2 Rxa8 21. Qxa8 {Black resigns} 1-0

[Event "GambitGuide"]
[Site "Internet Chess Club"]
[Date "2014.10.30"]
[Round "1"]
[White "JSBach"]
[Black "MikeSno"]
[Result "1-0"]
[ICCResult "Black resigns"]
[WhiteElo "1666"]
[BlackElo "1288"]
[Opening "Vienna: `Frankenstein-Dracula' variation"]
[ECO "C27"]
[NIC "VG.02"]
[Time "15:20:16"]
[TimeControl "120+12"]

1. e4 e5 2. Nc3 Nf6 3. Bc4 Nxe4 4. Qh5 Nd6 5. Bb3 Nc6 6. Nb5 g6 7. Qf3 f5 8.
Qd5 Qe7 9. Nxc7+ Kd8 10. Nxa8 b6 11. Ba4 Qg5 12. d3 f4 13. Ne2 Bb7 14. Bxf4
Qg4 15. h3 Qh5 16. g4 Qh4 17. Bxc6 Bxc6 18. Qxe5 Rg8 19. Bg5+ {Black
resigns} 1-0